 Dungeon Crawl Stone Soup version 0.31-a0-237-g2d982f9f85 (webtiles) character file.

Game seed: 6338662071593417982

162 qw the Shooter (level 5, -2/45 HPs)
             Began as a Minotaur Hexslinger on July 11, 2023.
             Slain by a gnoll
             ... wielding a +0 spear
              (5 damage)
             ... on level 3 of the Dungeon.
             The game lasted 00:00:52 (1715 turns).

qw the Shooter (Minotaur Hexslinger)                Turns: 1715, Time: 00:00:53

Health: -2/45      AC:  5    Str: 13    XL:     5   Next: 19%
Magic:  5/5        EV: 11    Int: 10    God:
Gold:   118        SH:  0    Dex: 14    Spells: 5/6 levels left

rFire   + + .        Y - +1 sling
rCold   + . .        (no shield)
rNeg    . . .        b - +0 ring mail
rPois   .            (helmet restricted)
rElec   .            h - scarf {rC+ rF+}
rCorr   .            (no gloves)
SInv    .            (no boots)
Will    .....        (no amulet)
Stlth   +            f - ring of protection from fire
HPRegen 0.27/turn    (no ring)
MPRegen 0.09/turn

%: no passive effects
@: no status effects
A: horns 2, retaliatory headbutt
a: no special abilities


You were on level 3 of the Dungeon.
You visited 1 branch of the dungeon, and saw 3 of its levels.

You collected 118 gold pieces.


Innate Abilities, Weirdness & Mutations

You have a pair of horns on your head.
You reflexively headbutt those who attack you in melee.


   Skills:
 - Level 3.1 Fighting
 + Level 5.2 Ranged Weapons
 - Level 1.0 Armour
 - Level 2.1 Dodging
 - Level 1.0 Spellcasting
 - Level 2.0 Hexes


You had 5 spell levels left.
You knew the following spells:

 Your Spells              Type           Power      Damage    Failure   Level
a - Slow                  Hex            16%        N/A       32%         1

Your spell library contained the following spells:

 Spells                   Type           Power      Damage    Failure   Level
 Inner Flame              Hex/Fire       2%         N/A       82%         3
 Portal Projectile        Hex/Tloc       4%         N/A       82%         3
 Cause Fear               Hex            2%         N/A       97%         4

Inventory:

Hand Weapons
 Y - a +1 sling (weapon)
Armour
 b - a +0 ring mail (worn)
 h - a scarf of resistance (worn)
 i - a +0 pair of gloves
Jewellery
 f - a ring of protection from fire (left hand)
Scrolls
 a - a scroll of identify {unknown}
 c - a scroll of immolation {unknown}
 e - a scroll of enchant armour {unknown}
Potions
 d - 2 potions of curing
 g - a potion of experience {unknown}

Dungeon Overview and Level Annotations

Branches:
Dungeon (3/15)

Altars:


Message History

You kill the gnoll!
Your Fighting skill increases to level 3!
You shoot a sling bullet. The sling bullet hits the gnoll!
You kill the gnoll!
The gnoll hits you but does no damage.
You shoot a sling bullet.
The sling bullet closely misses the gnoll.
The gnoll hits you from afar with a +0 spear. x2
You shoot a sling bullet. The sling bullet hits the gnoll.
The gnoll is moderately wounded.
The gnoll hits you from afar with a +0 spear!
You shoot a sling bullet.
The sling bullet hits the gnoll but does no damage.
The gnoll is moderately wounded.
The gnoll hits you but does no damage.
You shoot a sling bullet. The sling bullet hits the gnoll.
The gnoll is heavily wounded.
The gnoll hits you from afar with a +0 spear.
You shoot a sling bullet.
The sling bullet hits the gnoll but does no damage.
The gnoll is heavily wounded.
The gnoll hits you from afar with a +0 spear. x2
You shoot a sling bullet. The sling bullet hits the gnoll.
The gnoll is almost dead.
The gnoll hits you from afar with a +0 spear.
You shoot a sling bullet.
The sling bullet hits the gnoll but does no damage.
The gnoll is almost dead.
The gnoll hits you from afar with a +0 spear.
You shoot a sling bullet.
The sling bullet barely misses the gnoll.
The gnoll hits you from afar with a +0 spear.
You shoot a sling bullet.
The sling bullet barely misses the gnoll.
The gnoll hits you from afar with a +0 spear.
The gnoll closely misses you.
You shoot a sling bullet.
The sling bullet barely misses the gnoll.
The gnoll hits you from afar with a +0 spear.
You die...

.#####....# #.... ).#
#....# #..## #%# #....#
..# # ..# #....## .# #
%%# #....... ###
..#.........>.#######...
#..
............gg.g.......#
#.# ....... #)#
###.########.. ........
#@# [.............
........
###.###.........?...
.......#
#.......#..###...###
.##...##
.###.<..............# #
## ....
.......#.........##.## #
##
.........###........##
.....................#
.........%.#.....#######
...........#.....# ##.


You could see a gnoll.

Vanquished Creatures
  3 gnolls (D:3)
  5 adders
  11 orcs (D:3)
  3 bats
  2 endoplasms
  19 giant cockroaches
  A goblin (D:2)
  7 hobgoblins
  2 kobolds
  2 quokkas (D:2)
  8 ball pythons
  2 frilled lizards
  7 rats
72 creatures vanquished.

Notes
Turn   | Place    | Note
-------+----------+-------------------------------------------
     0 | D:1      | qw the Minotaur Hexslinger began the quest for the Orb.
     0 | D:1      | Reached XP level 1. HP: 16/16 MP: 1/1
     0 | D:1      | 0 ||| qw: Version: 0.3-a-52-g30416fa
     0 | D:1      | 0 ||| qw: Game counter: 5487
     0 | D:1      | 0 ||| qw: Melee chars always use a shield: true
     0 | D:1      | 0 ||| qw: God list: Okawaru
     0 | D:1      | 0 ||| qw: Allow faded altars: false
     0 | D:1      | 0 ||| qw: Do Orc after clearing Dungeon:15 true
     0 | D:1      | 0 ||| qw: Do second Lair branch before Depths: true
     0 | D:1      | 0 ||| qw: Lair rune preference: random
     0 | D:1      | 0 ||| qw: Goals: Normal
     0 | D:1      | 0 ||| PLANNING D:1-11
   335 | D:1      | Reached skill level 3 in Ranged Weapons
   335 | D:1      | Reached XP level 2. HP: 23/23 MP: 2/2
   403 | D:1      | 403 ||| UPGRADING to ring of protection from fire.
   404 | D:1      | 404 ||| READING scroll labelled ACEKEF JUTYMYO.
   405 | D:1      | 405 ||| DRINKING 2 fuming silvery potions.
   406 | D:1      | 406 ||| DROPPING scroll of poison.
   456 | D:2      | HP: 5/23 [quokka (3)]
   625 | D:2      | HP: 6/25 [poisoned by an adder]
   759 | D:2      | Reached XP level 3. HP: 24/30 MP: 3/3
   951 | D:2      | Reached skill level 4 in Ranged Weapons
  1031 | D:2      | Reached XP level 4. HP: 37/37 MP: 4/4
  1289 | D:2      | 1289 ||| UPGRADING to +0 ring mail.
  1299 | D:2      | 1299 ||| DROPPING +0 robe.
  1300 | D:2      | 1300 ||| UPGRADING to scarf of resistance.
  1305 | D:2      | 1305 ||| READING scroll labelled UFOF FUD HEYN.
  1306 | D:2      | 1306 ||| DRINKING 2 lumpy orange potions.
  1454 | D:3      | Reached skill level 1 in Armour
  1485 | D:3      | HP: 6/37 [orc/+0 whip (6)]
  1486 | D:3      | 1486 ||| DRINKING potion of heal wounds.
  1624 | D:3      | Reached skill level 5 in Ranged Weapons
  1697 | D:3      | 1697 ||| Stepping ~*~*~tactically~*~*~ (outnumbered).
  1699 | D:3      | Reached XP level 5. HP: 40/44 MP: 5/5
  1705 | D:3      | Reached skill level 3 in Fighting
  1712 | D:3      | HP: 10/45 [gnoll/+0 spear (3)]
  1714 | D:3      | HP: 3/45 [gnoll/+0 spear (5)]
  1715 | D:3      | Slain by a gnoll

Levels and vault maps discovered:
D:1:      roderic_crop_circles_arrival_small, layout_rooms
D:2:      minmay_roachtagon, layout_basic
D:3:      layout_rooms, vehumet_altar_wand_db, minmay_shallow_snake_nest

Skill      XL: |  1  2  3  4  5 |
---------------+----------------+-----
Ranged Weapons | 3 4 5 |  5.2
Fighting       | 2 3 |  3.1
Armour         | 1 |  1.0
Dodging        | |  2.1
Spellcasting   | |  1.0
Hexes          | |  2.0

Action                     |  1- 3 |  4- 6 || total
---------------------------+-------+-------++-------
   Fire: Sling             |   120 |   112 ||   232
    Use: Potion            |     1 |     2 ||     3
         Scroll            |     1 |     1 ||     2
 Armour: Robe              |    16 |       ||    16
         Ring mail         |       |    29 ||    29
  Dodge: Dodged            |    59 |    43 ||   102

Table legend:
 A = Non-vault XP
 B = Vault XP
 C = Vault XP percentage of total XP
 D = Non-vault monster count
 E = Vault monster count
 F = Vault count percentage of total count
                 A         B        C        D         E       F
            +---------+---------+-------+---------+---------+-------
      Total |     187 |      45 |  19.4 |      54 |      18 |  25.0
            +---------+---------+-------+---------+---------+-------
        D:1 |      12 |       0 |   0.0 |       7 |       0 |   0.0
        D:2 |      80 |      26 |  24.5 |      21 |      13 |  38.2
        D:3 |      95 |      19 |  16.7 |      26 |       5 |  16.1
            +---------+---------+-------+---------+---------+-------
